woodfighter, chaotic female orcish Cavewoman ---------- |........| |........| |...<....|------------ |........|..>..|.....----- |........|........`.`...%| |..----+-|.%...|.`..`..`.| |---..|.|-.---.----.----.| |...^.|^|....|..| |...`..| |..|d@|^|.......---......| --.|m.`^|.....-..........| |.|u...|.---...---.------ |.------............| |..............------ |..------------- ---- woodfighter the Young Cave Woman Experience level: 6 Strength: 18/03 Dexterity: 13 Constitution: 17 Intelligence: 9 Wisdom: 8 Charisma: 8 Health: 0(54) Energy: 13(13) Def: 5 Gold: 0 Moves: 3888 Dungeon seed: h8iRucZ-VEaSAPjP Game ID: woodfighter_1499259206 Your Inventory: Weapons a - a +1 club (weapon in hand) b - a +2 sling (alternate weapon; not wielded) Armor n - an uncursed +0 dwarvish cloak (being worn) q - an uncursed +0 orcish helm (being worn) W - an uncursed +0 studded leather armor (being worn) Y - an uncursed +0 pair of kicking boots (being worn) Comestibles g - an uncursed cram ration i - an uncursed tin of kobold meat r - 2 uncursed sprigs of wolfsbane t - an uncursed tripe ration O - 2 uncursed food rations P - 2 uncursed mangos Potions c - a cursed potion of object detection d - an uncursed potion of sickness Rings f - an uncursed ring of free action M - a cursed ring of sustain ability Wands h - a wand of fire (0:7) I - a wand of cold (0:8) L - a wand of light (0:12) Tools A - an uncursed magic whistle Gems e - 7 uncursed flints (in quiver) Spells and supernatural/magical abilities: Name Level Category Fail Memory W - pray for help -- divine ? -- Your skills at the end: Miscellaneous Skills bare handed combat [Basic] Weapon Skills scimitar [Basic] club [Skilled] sling [Basic] Spellcasting Skills Final Attributes: You were piously aligned. You were poison resistant. You had infravision. You were very stealthy. You were held by a giant mimic. You are dead. Vanquished creatures: a small mimic a giant beetle a housecat a blue jelly 4 apes a wood nymph 2 fog clouds a shrieker a kobold mummy a giant ant a puppy a floating eye 2 kittens an iguana 2 hill orcs 5 rothes a centipede 2 jitterbugs 4 orc zombies a gas spore 2 hobbits a large kobold 3 geckos 4 giant rats 5 cave spiders a brown mold 3 yellow molds a green mold a gnome zombie 2 jackals a fox 5 newts 7 grid bugs a bat 6 lichens a kobold zombie 78 creatures vanquished. Voluntary challenges: You did not adorn yourself with jewelry or accessories. You did not cause conflict. You were not invisible. You did not have reflection. You were not displaced. You had been an atheist until turn 3167. You used a wielded weapon 105 times, starting on turn 80. You did not apply a unicorn horn. You did not use plumbed fixtures. You did not drink any magical draughts. You read items or engraved 1 time, starting on turn 3165. You never genocided any monsters. You never polymorphed an object. You never changed form. You used no wishes. You never split a pudding. You never wrote Elbereth's name. You never violated your personal moral code. Dungeon overview: The Dungeons of Doom: levels 1 to 8 Level 1 a fountain a long staircase Level 2 stairs to The Gnomish Mines Level 3 a fountain Level 4 (locked box) a general store, some fountains Level 5 Level 6 many fountains Level 7 a sink stairs to Sokoban Level 8 The Gnomish Mines: Level 3 stairs to The Dungeons of Doom Sokoban: levels 5 to 6 Level 5 <- You were here Level 6 an altar to Anshar, a magic chest stairs to The Dungeons of Doom History has recorded: On T:1 you entered the Dungeons of Doom to retrieve the Amulet of Yendor! On T:38 you reached level 2 of The Dungeons of Doom. On T:87 you reached level 3 of The Dungeons of Doom. On T:592 you reached level 1 of The Gnomish Mines. On T:894 you advanced to experience level 2. On T:1150 you reached level 4 of The Dungeons of Doom. On T:1451 you advanced to experience level 3. On T:1645 you reached level 5 of The Dungeons of Doom. On T:1697 you advanced to experience level 4. On T:1831 you reached level 6 of The Dungeons of Doom. On T:2372 you advanced to experience level 5. On T:2554 you reached level 7 of The Dungeons of Doom. On T:2613 you reached level 8 of The Dungeons of Doom. On T:2676 you reached level 4 of Sokoban. On T:3161 you opened a magic chest. On T:3311 you advanced to experience level 6. On T:3454 you reached level 3 of Sokoban. Score breakdown: Gold: 0 ( 0 points) Experience: 6 levels ( 500 points) Exploration: 8 levels ( 210 points) Discoveries: 14 items ( 700 points) Variety of kills: 36 monsters ( 1800 points) Major goal: (nothing yet) ( 0 points) Survival: died (score multiplied by 3) Total score: 9630 Latest messages: You kill the giant beetle! You see here a giant beetle corpse. The horse picks up a giant beetle corpse. The horse drops a giant beetle corpse. With great effort you move the boulder. The boulder falls into and plugs a hole in the floor! As you kick the door, it shatters to pieces! With great effort you move the boulder. h - a platinum wand. With great effort you move the boulder. The boulder falls into and plugs a hole in the floor! You see here a tin. i - a tin. You displace your horse. The horse kicks the giant mimic. The horse misses the giant mimic. The giant mimic claws the horse. (2x) The giant mimic claws you! (2x) You hit the giant mimic! (2x) The large dog bites! You hit the giant mimic! The large dog bites! You hit the giant mimic! The large dog bites! The giant mimic claws you! You die... Final status: Goodbye woodfighter the Cavewoman, killed by a giant mimic... You died in Sokoban on dungeon level 5 with 9630 points, and 0 pieces of gold, after 3888 moves. You were level 6 with a maximum of 54 hit points when you died.